BSA
IRVINE GANG GREEN @ NEW YORK KNIGHTS
07/23/2027
 
TOP OF THE 1ST
Irvine Gang Green batting - Pitching for New York Knights : RHP Elton Johnston
Pitching: RHP Elton Johnston
Batting: RHB Buck Jones 0-0: Called Strike
0-1: Ball
1-1: Foul Ball, location: 2F
1-2: Ball
2-2: TRIPLE (Flyball, 8RXD)
Batting: LHB Jorge Martínez 0-0: Ball
1-0: Ball
2-0: Ball
3-0: Called Strike
3-1: Called Strike
3-2: Fly out, F8 (Flyball, 89M)
Runner from 3rd tags up, SCORES, throw made
Batting: LHB Víctor Quiñones 0-0: SINGLE (Groundball, 4M) (infield hit)
Batting: LHB Jesús Campos 0-0: Ball
1-0: Called Strike
1-1: Fielders Choice at 2nd, 3-6 (Groundball, 34)
Batting: RHB José Salazar 0-0: Ball
1-0: Foul Ball, location: 2F
1-1: Fly out, F7 (Flyball, 78D)
Top of the 1st over - 1 run(s), 2 hit(s), 0 error(s), 1 left on base; Irvine 1 - New York 0
BOTTOM OF THE 1ST
New York Knights batting - Pitching for Irvine Gang Green : LHP Masutaro Koyama
Pitching: LHP Masutaro Koyama
Batting: LHB Dan Hamilton 0-0: Ground out 3-1 (Groundball, 34)
Batting: RHB Richard Coker 0-0: Ball
1-0: Ball
2-0: Reached on error, E3 (Groundball, 34S)
Batting: LHB Warren Potter 0-0: Ball
1-0: Ball
2-0: Ball
3-0: Base on Balls
Richard Coker to second
Batting: RHB Lonnie Anderson 0-0: Ball
1-0: Fly out, F7 (Flyball, 7)
Batting: SHB Marvin Harris 0-0: Called Strike
0-1: Ball
1-1: Foul Ball, location: 2F
1-2: Ball
2-2: Strikes out swinging
Bottom of the 1st over - 0 run(s), 0 hit(s), 1 error(s), 2 left on base; Irvine 1 - New York 0
TOP OF THE 2ND
Irvine Gang Green batting - Pitching for New York Knights : RHP Elton Johnston
Batting: LHB José Sánchez 0-0: Called Strike
0-1: Ball
1-1: Foul Ball, location: 2F
1-2: Ball
2-2: SINGLE (Groundball, 4MD)
Batting: RHB Tom Doherty 0-0: Ball
1-0: SINGLE (Groundball, 3D)
José Sánchez to second
Runner from 2nd tries for 3rd, OUT!
Batting: RHB Tyler Wagner 0-0: Ball
1-0: Called Strike
1-1: Swinging Strike
1-2: Ball
2-2: Ball
3-2: Foul Ball, location: 2F
3-2: Base on Balls
Tom Doherty to second
Batting: RHB Ronnie Brown 0-0: Fly out, F8 (Line Drive, 8RM)
Batting: RHB Buck Jones 0-0: Foul Ball, location: 2F
0-1: Ball
1-1: Foul Ball, location: 2F
1-2: Ball
2-2: Foul Ball, location: 2F
2-2: SINGLE (Groundball, 6MD)
Tom Doherty to third
Tyler Wagner to second
Runner from 3rd tries for Home, SAFE, no throw
Batting: LHB Jorge Martínez 0-0: Foul Ball, location: 2F
0-1: Ball
1-1: SINGLE (Line Drive, 56D)
Tyler Wagner to third
Buck Jones to second
Runner from 3rd tries for Home, SAFE, no throw
Batting: LHB Víctor Quiñones 0-0: Called Strike
0-1: Ball
1-1: Ball
2-1: Ball
3-1: Base on Balls
Buck Jones to third
Jorge Martínez to second
Batting: LHB Jesús Campos 0-0: Called Strike
0-1: Ball
1-1: Swinging Strike
1-2: Foul Ball, location: 2F
1-2: SINGLE (Groundball, 25) (infield hit)
Buck Jones scores
Jorge Martínez to third
Víctor Quiñones to second
Batting: RHB José Salazar 0-0: Ball
1-0: Called Strike
1-1: Foul Ball, location: 2F
1-2: Hit by Pitch
Jorge Martínez scores
Víctor Quiñones to third
Jesús Campos to second
Batting: LHB José Sánchez 0-0: Ball
1-0: Called Strike
1-1: Fielders Choice at 2nd, 4-6 (Groundball, 4)
Top of the 2nd over - 4 run(s), 5 hit(s), 0 error(s), 2 left on base; Irvine 5 - New York 0
BOTTOM OF THE 2ND
New York Knights batting - Pitching for Irvine Gang Green : LHP Masutaro Koyama
Batting: RHB Steve Sampson 0-0: Ball
1-0: Called Strike
1-1: Foul Ball, location: 2F
1-2: Ball
2-2: Foul Ball, location: 2F
2-2: Strikes out swinging
Batting: LHB Keith Green 0-0: DOUBLE (Flyball, 78M)
Batting: LHB Marcos Pérez 0-0: Ball
1-0: Called Strike
1-1: Foul Ball, location: 2F
1-2: Ground out 6-3 (Groundball, 6)
Batting: RHB Yasuhiko Sumita 0-0: Ball
1-0: Foul Ball, location: 2F
1-1: Called Strike
1-2: Strikes out looking
Bottom of the 2nd over - 0 run(s), 1 hit(s), 0 error(s), 1 left on base; Irvine 5 - New York 0
TOP OF THE 3RD
Irvine Gang Green batting - Pitching for New York Knights : RHP Elton Johnston
Batting: RHB Tom Doherty 0-0: Fly out, F9 (Flyball, 89M)
Batting: RHB Tyler Wagner 0-0: Ball
1-0: Foul Ball, location: 2F
1-1: Ball
2-1: Ball
3-1: Foul Ball, location: 2F
3-2: Foul Ball, location: 2F
3-2: Foul Ball, location: 2F
3-2: Foul Ball, location: 2F
3-2: Foul Ball, location: 2F
3-2: Base on Balls
Batting: RHB Ronnie Brown 0-0: Called Strike
0-1: Ground out 3-1 (Groundball, 34S)
Tyler Wagner to second
Batting: RHB Buck Jones 0-0: Called Strike
0-1: Ball
1-1: Foul Ball, location: 2F
1-2: Foul Ball, location: 2F
1-2: Foul Ball, location: 2F
1-2: Ball
2-2: Foul Ball, location: 2F
2-2: DOUBLE (Flyball, 8LXD)
Tyler Wagner scores
Batting: LHB Jorge Martínez 0-0: Ball
1-0: Ball
2-0: Ball
3-0: Base on Balls
Batting: LHB Víctor Quiñones 0-0: Ball
1-0: Ball
2-0: Swinging Strike
2-1: Ball
3-1: Swinging Strike
3-2: Ground out 1-3 (Groundball, 13)
Top of the 3rd over - 1 run(s), 1 hit(s), 0 error(s), 2 left on base; Irvine 6 - New York 0
BOTTOM OF THE 3RD
New York Knights batting - Pitching for Irvine Gang Green : LHP Masutaro Koyama
Batting: LHB Dan Hamilton 0-0: Ball
1-0: Swinging Strike
1-1: Foul Ball, location: 2F
1-2: Strikes out swinging
Batting: RHB Richard Coker 0-0: Ground out 4-3 (Groundball, 4M)
Batting: LHB Warren Potter 0-0: Called Strike
0-1: Ball
1-1: Ball
2-1: Ball
3-1: DOUBLE (Line Drive, 9D)
Batting: RHB Lonnie Anderson 0-0: Ball
1-0: Ball
2-0: Called Strike
2-1: Ball
3-1: Foul Ball, location: 2F
3-2: Base on Balls
Batting: SHB Marvin Harris 0-0: Called Strike
0-1: Swinging Strike
0-2: Strikes out swinging
Bottom of the 3rd over - 0 run(s), 1 hit(s), 0 error(s), 2 left on base; Irvine 6 - New York 0
TOP OF THE 4TH
Irvine Gang Green batting - Pitching for New York Knights : RHP Elton Johnston
Pitching: RHP James Jones
Batting: LHB Jesús Campos 0-0: Ball
1-0: Fly out, F3 (Line Drive, 3S)
Batting: RHB José Salazar 0-0: Foul Ball, location: 2F
0-1: Fly out, F7 (Flyball, 7)
Batting: LHB José Sánchez 0-0: Ball
1-0: Ground out 1-3 (Groundball, P)
Top of the 4th over - 0 run(s), 0 hit(s), 0 error(s), 0 left on base; Irvine 6 - New York 0
BOTTOM OF THE 4TH
New York Knights batting - Pitching for Irvine Gang Green : LHP Masutaro Koyama
Batting: RHB Steve Sampson 0-0: Foul Ball, location: 2F
0-1: Fly out, F8 (Flyball, 8RD)
Batting: LHB Keith Green 0-0: Fly out, F8 (Flyball, 8LS)
Batting: LHB Marcos Pérez 0-0: Ball
1-0: Ball
2-0: Foul Ball, location: 2F
2-1: SINGLE (Groundball, 6MD)
Batting: RHB Yasuhiko Sumita 0-0: Called Strike
0-1: Ball
1-1: Foul Ball, location: 2F
1-2: Strikes out looking
Bottom of the 4th over - 0 run(s), 1 hit(s), 0 error(s), 1 left on base; Irvine 6 - New York 0
TOP OF THE 5TH
Irvine Gang Green batting - Pitching for New York Knights : RHP James Jones
Batting: RHB Tom Doherty 0-0: Foul Ball, location: 2F
0-1: Ball
1-1: Ball
2-1: Swinging Strike
2-2: Foul Ball, location: 2F
2-2: Fly out, F7 (Flyball, 7LM)
Batting: RHB Tyler Wagner 0-0: Ball
1-0: Fly out, F9 (Flyball, 9LS)
Batting: RHB Ronnie Brown 0-0: SINGLE (Line Drive, 4D)
Batting: RHB Buck Jones 0-0: Called Strike
0-1: Foul Ball, location: 2F
0-2: SINGLE (Line Drive, 89S)
Ronnie Brown to second
Batting: LHB Jorge Martínez 0-0: Ball
1-0: Foul Ball, location: 2F
1-1: Ball
2-1: Foul Ball, location: 2F
2-2: Ball
3-2: Fly out, F7 (Flyball, 7S)
Top of the 5th over - 0 run(s), 2 hit(s), 0 error(s), 2 left on base; Irvine 6 - New York 0
BOTTOM OF THE 5TH
New York Knights batting - Pitching for Irvine Gang Green : LHP Masutaro Koyama
Batting: LHB Dan Hamilton 0-0: Foul Ball, location: 2F
0-1: Foul Ball, location: 2F
0-2: Ball
1-2: Ground out 4-3 (Groundball, 4)
Batting: RHB Richard Coker 0-0: Ball
1-0: Foul Ball, location: 2F
1-1: SINGLE (Line Drive, 8LS)
Batting: LHB Warren Potter 0-0: Ball
1-0: Called Strike
1-1: Foul Ball, location: 2F
1-2: Grounds into double play, 6-4-3 (Groundball, 6)
Bottom of the 5th over - 0 run(s), 1 hit(s), 0 error(s), 0 left on base; Irvine 6 - New York 0
TOP OF THE 6TH
Irvine Gang Green batting - Pitching for New York Knights : RHP James Jones
Batting: LHB Víctor Quiñones 0-0: Called Strike
0-1: Called Strike
0-2: Ball
1-2: Foul Ball, location: 2F
1-2: Ball
2-2: Fly out, F9 (Flyball, 9)
Batting: LHB Jesús Campos 0-0: Ball
1-0: Called Strike
1-1: Foul Ball, location: 2F
1-2: Ball
2-2: Ball
3-2: Base on Balls
Batting: RHB José Salazar 0-0: Called Strike
0-1: Foul Ball, location: 2F
0-2: SINGLE (Groundball, 56D)
Jesús Campos to second
Batting: LHB José Sánchez 0-0: Called Strike
0-1: Foul Ball, location: 2F
0-2: Grounds into double play, 4-6-3 (Groundball, 4)
Top of the 6th over - 0 run(s), 1 hit(s), 0 error(s), 1 left on base; Irvine 6 - New York 0
BOTTOM OF THE 6TH
New York Knights batting - Pitching for Irvine Gang Green : LHP Masutaro Koyama
Batting: RHB Lonnie Anderson 0-0: Fly out, F9 (Flyball, 9S)
Batting: SHB Marvin Harris 0-0: Foul Ball, location: 2F
0-1: Ball
1-1: Ball
2-1: Foul Ball, location: 2F
2-2: Fly out, F9 (Line Drive, 9)
Batting: RHB Steve Sampson 0-0: Foul Ball, location: 2F
0-1: Foul Ball, location: 2F
0-2: Ball
1-2: Fly out, F8 (Line Drive, 8LXD)
Bottom of the 6th over - 0 run(s), 0 hit(s), 0 error(s), 0 left on base; Irvine 6 - New York 0
TOP OF THE 7TH
Irvine Gang Green batting - Pitching for New York Knights : RHP James Jones
Batting: RHB Tom Doherty 0-0: Ball
1-0: Called Strike
1-1: Ball
2-1: Fly out, F7 (Line Drive, 7)
Batting: RHB Tyler Wagner 0-0: Fly out, F9 (Flyball, 9LS)
Batting: RHB Ronnie Brown 0-0: Foul Ball, location: 2F
0-1: Ball
1-1: Ball
2-1: Ball
3-1: Foul Ball, location: 2F
3-2: Base on Balls
Batting: RHB Buck Jones 0-0: Called Strike
0-1: Ball
1-1: Swinging Strike
1-2: Ball
2-2: Ball
Ronnie Brown is caught stealing 2nd base
Top of the 7th over - 0 run(s), 0 hit(s), 0 error(s), 0 left on base; Irvine 6 - New York 0
BOTTOM OF THE 7TH
New York Knights batting - Pitching for Irvine Gang Green : LHP Masutaro Koyama
Batting: LHB Keith Green 0-0: Fly out, F1 (Line Drive, 13)
Batting: LHB Marcos Pérez 0-0: Foul Ball, location: 2F
0-1: Ground out 1-3 (Groundball, P)
Batting: RHB Yasuhiko Sumita 0-0: Ground out 6-3 (Groundball, 56D)
Bottom of the 7th over - 0 run(s), 0 hit(s), 0 error(s), 0 left on base; Irvine 6 - New York 0
TOP OF THE 8TH
Irvine Gang Green batting - Pitching for New York Knights : RHP James Jones
Pitching: LHP Vic Watts
Batting: RHB Buck Jones 0-0: Ball
1-0: Ground out 5-3 (Groundball, 56S)
Batting: LHB Jorge Martínez 0-0: Ball
1-0: Ball
2-0: Ball
3-0: Base on Balls
Batting: LHB Víctor Quiñones 0-0: Foul Ball, location: 2F
0-1: Ball
1-1: Ball
2-1: Foul Ball, location: 2F
2-2: Grounds into double play, 4-6-3 (Groundball, 4)
Top of the 8th over - 0 run(s), 0 hit(s), 0 error(s), 0 left on base; Irvine 6 - New York 0
BOTTOM OF THE 8TH
New York Knights batting - Pitching for Irvine Gang Green : LHP Masutaro Koyama
Now at SS: Aaron Wilson
Now in CF: Tony Tavárez
Batting: LHB Dan Hamilton 0-0: Ball
1-0: Foul Ball, location: 2F
1-1: Ball
2-1: Swinging Strike
2-2: Ground out U3 (Groundball, 3S)
Batting: RHB Richard Coker 0-0: Ball
1-0: Ball
2-0: Ball
3-0: Base on Balls
Batting: LHB Warren Potter 0-0: Called Strike
0-1: Ground out 5-3 (Groundball, 25)
Richard Coker to second
Batting: RHB Lonnie Anderson 0-0: Foul Ball, location: 2F
0-1: Ball
1-1: Ball
2-1: Foul Ball, location: 2F
2-2: Ball
3-2: Strikes out looking
Bottom of the 8th over - 0 run(s), 0 hit(s), 0 error(s), 1 left on base; Irvine 6 - New York 0
TOP OF THE 9TH
Irvine Gang Green batting - Pitching for New York Knights : LHP Vic Watts
Pitching: LHP Juan Ortíz
Batting: LHB Tony Tavárez 0-0: Called Strike
0-1: Ball
1-1: Ball
2-1: Foul Ball, location: 2F
2-2: Ball
3-2: Foul Ball, location: 2F
3-2: Ground out 6-3 (Groundball, 6)
Batting: RHB José Salazar 0-0: SINGLE (Line Drive, 6MD)
Batting: LHB José Sánchez 0-0: DOUBLE (Line Drive, 9LM)
José Salazar to third
Runner from 3rd tries for Home, SAFE, throw made home
Batting: RHB Tom Doherty 0-0: Ball
1-0: Ball
2-0: Ball
3-0: Called Strike
3-1: Called Strike
3-2: Foul Ball, location: 2F
3-2: Fly out, F9 (Flyball, 9LS)
Batting: RHB Tyler Wagner 0-0: Foul Ball, location: 2F
0-1: Ball
1-1: Called Strike
1-2: Ball
2-2: Ground out 6-3 (Groundball, 6)
Top of the 9th over - 1 run(s), 2 hit(s), 0 error(s), 1 left on base; Irvine 7 - New York 0
BOTTOM OF THE 9TH
New York Knights batting - Pitching for Irvine Gang Green : LHP Masutaro Koyama
Batting: SHB Marvin Harris 0-0: Ball
1-0: Ball
2-0: Called Strike
2-1: Swinging Strike
2-2: Ball
3-2: Fly out, F7 (Line Drive, 7)
Batting: RHB Steve Sampson 0-0: Ground out 5-3 (Groundball, 25)
Batting: LHB Keith Green 0-0: Ball
1-0: Ground out 4-3 (Groundball, 4S)
Bottom of the 9th over - 0 run(s), 0 hit(s), 0 error(s), 0 left on base; Irvine 7 - New York 0
Thursday, March 30th, 2017 - OOTP Baseball 17.12 Build 75